 Dungeon Crawl Stone Soup version 0.23.2-40-g277498a001 (webtiles) character file.

Game seed: 5466949418750357829

1662 Curus the Spear-Bearer (level 8, -2/62 HPs)
             Began as a Minotaur Gladiator on Oct 18, 2019.
             Was a Believer of Yredelemnul.
             Shot with an arrow by a centaur (13 damage)
             ... on level 6 of the Dungeon.
             The game lasted 00:24:26 (4687 turns).

Curus the Spear-Bearer (Minotaur Gladiator)         Turns: 4687, Time: 00:24:27

Health: -2/62      AC:  7    Str: 21    XL:     8   Next: 69%
Magic:  7/7        EV: 13    Int:  7    God:    Yredelemnul [**....]
Gold:   87         SH:  0    Dex: 15    Spells: 7/7 levels left

rFire    + . .     SeeInvis .   a - +2 trident
rCold    + . .     Gourm    .   (no shield)
rNeg     . . .     Faith    .   b - +0 leather armour
rPois    .         Spirit   .   c - +1 hat
rElec    .         Reflect  .   k - +1 cloak
rCorr    .         Harm     .   (no gloves)
MR       .....                  o - +0 pair of boots
Stlth    +.........             (no amulet)
HPRegen  0.20/turn              g - ring of protection from cold
MPRegen  0.10/turn              j - +3 ring of dexterity

@: no status effects
A: retaliatory headbutt, fangs 1, horns 2, fire resistance 1, strong 1
a: Animate Remains, Recall Undead Slaves, Injury Mirror, Renounce Religion


You were on level 6 of the Dungeon.
You worshipped Yredelemnul.
Yredelemnul was pleased with you.
You were not hungry.

You visited 1 branch of the dungeon, and saw 6 of its levels.

You collected 181 gold pieces.
You spent 94 gold pieces at shops.

Inventory:

Hand Weapons
 a - a +2 trident (weapon)
Missiles
 d - 3 throwing nets (quivered)
Armour
 b - a +0 leather armour (worn)
 c - a +1 hat (worn)
 k - a +1 cloak (worn)
 o - a +0 pair of boots (worn)
Jewellery
 g - a ring of protection from cold (left hand)
 j - a +3 ring of dexterity (right hand)
 m - an uncursed ring of fire
Wands
 p - a wand of paralysis (7)
Scrolls
 e - 3 scrolls of teleportation
 h - a scroll of remove curse
 i - 4 scrolls of identify
 l - a scroll of magic mapping
Comestibles
 f - 8 rations


   Skills:
 - Level 2.4 Fighting
 + Level 13.2 Polearms
 - Level 2.0 Throwing
 - Level 3.2 Dodging


You had 7 spell levels left.
You didn't know any spells.
Your spell library contained the following spells:

 Spells                   Type           Power        Failure   Level  Hunger
 Shock                    Conj/Air       #...         47%         1    ##.....
 Swiftness                Chrm/Air       #.......     63%         2    ###....
 Static Discharge         Conj/Air       #.......     85%         3    ####...
 Airstrike                Air            #.........   99%         4    #####..
 Lightning Bolt           Conj/Air       #.........   100%        5    ######.


Dungeon Overview and Level Annotations

Branches:
Dungeon (6/15)             Temple (0/1) D:4

Altars:
Gozag
Ru
Wu Jian
Xom
Yredelemnul

Shops:
D:4 }%[[   D:6 *

Annotations:
D:3 2 transporters, Amplified's ghost, amateur DsAr
D:6 Blork the orc


Innate Abilities, Weirdness & Mutations

You reflexively headbutt those who attack you in melee.
You have a pair of horns on your head.
You have very sharp teeth.
Your flesh is heat resistant. (rF+)
Your muscles are strong. (Str +2)


Message History

You barely miss the orc. You headbutt the orc.
The orc is heavily wounded.
The centaur shoots an arrow.
The arrow hits you!
You hit the orc but do no damage. You headbutt the orc, but do no damage.
The orc is heavily wounded.
The centaur shoots an arrow.
The arrow hits you! The orc closely misses you.
You puncture the orc!
You kill the orc!
Yredelemnul accepts your kill.
You can now recall your undead slaves.
You can now mirror injuries on your foes.
The centaur shoots an arrow.
The arrow barely misses you.
You hear a splash.
The centaur shoots an arrow.
The arrow hits you.
* * * LOW HITPOINT WARNING * * *
You see here an arrow.
The centaur shoots an arrow.
The arrow hits you!
* * * LOW HITPOINT WARNING * * *
The centaur shoots an arrow.
The arrow hits you!
You die...
Your body rises from the dead as a mindless zombie.

#.........#
#.........#
#.!.......#
#.........###
##...........
#.........####
##......)..≈≈≈≈
###c...)()≈≈≈≈...
#>.....@(.≈....⌠.
..##........_...∩
##.....≈....⌠.
##....≈≈≈≈... #.#
####....≈≈≈≈ #h..
######### #.o.
#... ...##


You could see a centaur.

Vanquished Creatures
  Sigmund (D:5)
  Eustachio (D:5)
  Duvessa (D:5)
  A centaur (D:5)
  An ogre (D:6)
  3 bullfrogs
  Dowan (D:5)
  2 scorpions
  A water moccasin skeleton (D:6)
  A crimson imp (D:5)
  2 howler monkeys
  A hound (D:5)
  A jelly (D:5)
  A bullfrog skeleton (D:3)
  An orc priest (D:5)
  5 orc wizards
  An iguana (D:4)
  3 worker ants
  A hound skeleton (D:5)
  A worker ant zombie (D:5)
  Robin (D:3)
  8 adders
  A white imp (D:5)
  5 adder skeletons
  2 worms
  4 dart slugs
  7 leopard geckos
  15 orcs
  3 giant cockroaches
  19 goblins
  11 hobgoblins
  6 jackals (D:6)
  3 quokkas
  A ball python (D:6)
  5 bats
  5 frilled lizards
  5 kobolds
  10 rats
141 creatures vanquished.

Notes
Turn   | Place    | Note
-------+----------+-------------------------------------------
     0 | D:1      | Curus the Minotaur Gladiator began the quest for the Orb.
     0 | D:1      | Reached XP level 1. HP: 18/18 MP: 0/0
   100 | D:1      | Reached skill level 4 in Polearms
   169 | D:1      | Reached XP level 2. HP: 22/25 MP: 1/1
   574 | D:2      | Reached skill level 5 in Polearms
   574 | D:2      | Reached XP level 3. HP: 27/30 MP: 2/2
   825 | D:2      | Found an ornate altar of the Wu Jian Council.
  1139 | D:2      | Reached skill level 6 in Polearms
  1139 | D:2      | Reached XP level 4. HP: 26/37 MP: 3/3
  1641 | D:3      | Noticed Robin
  1652 | D:3      | Killed Robin
  1864 | D:3      | Reached skill level 7 in Polearms
  1864 | D:3      | Reached XP level 5. HP: 41/42 MP: 4/4
  2089 | D:3      | Found a transporter.
  2092 | D:3      | Noticed Amplified's ghost (amateur DsAr)
  2093 | D:3      | Found a transporter.
  2125 | D:3      | Reached skill level 8 in Polearms
  2466 | D:3      | Found a basalt altar of Yredelemnul.
  2467 | D:3      | Found a shimmering altar of Xom.
  2475 | D:3      | Became a worshipper of Yredelemnul the Dark
  2547 | D:4      | Reached XP level 6. HP: 50/50 MP: 5/5
  2687 | D:4      | Found Yqoargh's Antique Armour Emporium.
  2695 | D:4      | Reached skill level 9 in Polearms
  2701 | D:4      | Bought a pair of boots for 94 gold pieces
  2767 | D:4      | Found Gewaweol's Gadget Emporium.
  2793 | D:4      | Found Dukhlece's Food Emporium.
  2885 | D:4      | Found a staircase to the Ecumenical Temple.
  2910 | D:4      | Gained mutation: Your flesh is heat resistant. (rF+)
                  | [potion of mutation]
  2910 | D:4      | Gained mutation: You have very sharp teeth. [potion of
                  | mutation]
  2910 | D:4      | Gained mutation: Your muscles are strong. (Str +2) [potion
                  | of mutation]
  2941 | D:4      | Found a sacrificial altar of Ru.
  3035 | D:4      | Found Fioch's Antique Armour Shoppe.
  3295 | D:4      | Reached XP level 7. HP: 46/56 MP: 6/6
  3313 | D:5      | Entered Level 5 of the Dungeon
  3313 | D:5      | Noticed Duvessa
  3313 | D:5      | Noticed Dowan
  3324 | D:5      | Killed Duvessa
  3324 | D:5      | Reached skill level 10 in Polearms
  3328 | D:5      | Killed Dowan
  3328 | D:5      | Reached * piety under Yredelemnul
  3641 | D:5      | Reached skill level 11 in Polearms
  3657 | D:5      | Noticed Sigmund
  3671 | D:5      | Killed Sigmund
  3671 | D:5      | Reached XP level 8. HP: 54/62 MP: 7/7
  3754 | D:5      | Noticed Eustachio
  3814 | D:5      | Killed Eustachio
  3814 | D:5      | Reached skill level 12 in Polearms
  4404 | D:6      | Noticed Blork the orc
  4668 | D:6      | Found an opulent altar of Gozag.
  4672 | D:6      | Reached skill level 13 in Polearms
  4682 | D:6      | Found Gozag's Platinum Reserve.
  4685 | D:6      | Reached ** piety under Yredelemnul
  4687 | D:6      | Shot with an arrow by a centaur

Skill      XL: |  1  2  3  4  5  6  7  8 |
---------------+-------------------------+-----
Polearms       | 4 5 6 7 8 9 11 13 | 13.2
Fighting       | |  2.4
Throwing       | |  2.0
Dodging        | |  3.2

Action                   |  1- 3 |  4- 6 |  7- 9 || total
-------------------------+-------+-------+-------++-------
Melee: Trident           |   107 |   161 |   160 ||   428
       Headbutt          |    12 |    21 |    33 ||    66
       Bite              |       |     2 |    21 ||    23
  Use: Scroll            |     4 |     8 |     2 ||    14
       Potion            |     2 |     4 |       ||     6
 Stab: Sleeping          |     2 |       |     1 ||     3
  Eat: Chunk             |     1 |     6 |     3 ||    10
       Ration            |       |       |     1 ||     1
Armor: Leather armour    |    16 |    23 |    33 ||    72
Dodge: Dodged            |    52 |    54 |    79 ||   185
